AoeStats
← uli2099

Arena

509858509Analyzed
4v4 RM · 5d ago on Sep 28, 2026· 35m 5s· 8 players
Game mode
Random Map
Map size
Large (8 player)
Population
200
Speed
Normal
Resources
Standard
Victory
Conquest
Starting age
Dark Age
Ending age
Imperial Age
RankedLock teamsTeams togetherTeam positionsShared explorationLock speedFull tech treeHidden civsTurbo modeCheats
Victory
Defeat
🇨🇳 Danes · China
1293
+15
🇹🇼 Spanish · Taiwan
1280
+16
🇦🇷 Franks · Argentina
1242
+17
🇦🇺 Goths · Australia
1210
+18
🇮🇹 Goths · Italy
1303
-18
🇩🇪 Celts · Germany
1266
-16
🇲🇦 Franks · Morocco
1261
-16
🇩🇪 Persians · Germany
1252
-16
uli2099
10:27 Feudal Age
15:19 Castle Age
14:05 Double-Bit Axe
14:02 Horse Collar
16:35 Bow Saw
16:25 Loom
21:18 Gold Mining
22:39 Heavy Plow
25:05 Wheelbarrow
25:40 Pikeman
32:01 Imperial Age
30:13 Gold Shaft Mining
29:29 Stone Mining
30:32 Scale Mail Armor
30:43 Forging
Demshredz
5:03 Loom
10:05 Feudal Age
12:16 Wheelbarrow
11:39 Horse Collar
12:00 Double-Bit Axe
18:13 Castle Age
19:00 Heavy Plow
19:27 Bow Saw
20:24 Gold Mining
20:28 Stone Mining
22:20 Bloodlines
25:12 Scale Barding Armor
25:18 Forging
26:46 Husbandry
27:59 Hand Cart
Rock_Bottom
10:57 Feudal Age
14:47 Castle Age
13:04 Double-Bit Axe
13:40 Stone Mining
14:52 Gold Mining
19:55 Loom
24:42 Imperial Age
22:58 Scale Mail Armor
24:03 Forging
24:50 Chain Mail Armor
26:06 Wheelbarrow
27:15 Bow Saw
28:00 Conscription
28:57 Iron Casting
30:03 Plate Mail Armor
33:03 Blast Furnace
MLT | Bombad Gastald
11:22 Feudal Age
15:21 Castle Age
13:11 Double-Bit Axe
13:36 Horse Collar
18:31 Bow Saw
22:10 Loom
只爆叉叉
9:40 Loom
12:24 Feudal Age
13:30 Double-Bit Axe
16:11 Castle Age
14:03 Gold Mining
13:56 Horse Collar
16:12 Scale Mail Armor
17:16 Bow Saw
25:11 Squires
25:32 Forging
26:57 Wheelbarrow
30:30 Hand Cart
32:39 Gold Shaft Mining
34:56 Imperial Age
33:10 Chain Mail Armor
33:31 Iron Casting
鋼彈盪單槓
6:11 Loom
9:26 Feudal Age
16:55 Castle Age
15:05 Double-Bit Axe
15:18 Stone Mining
15:54 Horse Collar
24:50 Town Watch
29:12 Wheelbarrow
30:05 Padded Archer Armor
30:34 Husbandry
32:05 Leather Archer Armor
32:03 Bloodlines
32:48 Gold Mining
Nightmare
9:57 Feudal Age
13:57 Castle Age
12:17 Double-Bit Axe
15:22 Bow Saw
20:50 Wheelbarrow
21:56 Hand Cart
22:52 Gold Mining
23:19 Loom
23:19 Town Watch
27:52 Imperial Age
25:48 Fletching
26:38 Scale Mail Armor
26:34 Bodkin Arrow
28:26 Chain Mail Armor
30:31 Plate Mail Armor
30:11 Forging
31:07 Chemistry
31:15 Padded Archer Armor
lethe711
10:25 Feudal Age
14:24 Castle Age
12:40 Double-Bit Axe
13:44 Horse Collar
15:33 Bow Saw
19:01 Heavy Plow
21:58 Wheelbarrow
22:22 Fervor
23:48 Hand Cart
23:25 Gold Mining
25:30 Sanctity
26:03 Loom
30:38 Imperial Age
28:10 Scale Mail Armor
28:21 Forging
28:11 Stone Mining
29:22 Chain Mail Armor
30:28 Squires
31:06 Iron Casting
31:09 Stone Shaft Mining
31:14 Anarchy
30:42 Elite Huskarl
31:25 Perfusion
32:16 Conscription
32:57 Blast Furnace
Connection lost

Rejoining the realm…

Still unreachable

The connection could not be restored.

Session expired

The server has moved on; the page needs a fresh start.